Map: Base du roi Sejong EC

Players

Worming - Winner!

  • Race: Zerg Zerg
  • League: Diamond

Tonio

  • Race: Terran Terran
  • League: Diamond

VOD

Have the link to the VOD?

Description

Time

  • Played on: Sept. 6, 2016, 5:04 p.m.
  • Length: 15:49
Show
View Real Time Build Order
Export as new Build Order

Worming Zerg - Winner!

Build Orders: Hatch First, Lurkers 

Get SALT Encoding   

  12  0:01  Drone  
  13  0:12  Overlord  
  13  0:17  Drone  
  14  0:30  Drone x2  
  14  0:34  Drone  
  17  0:52  Hatchery  
  17  0:55  Drone  
  17  0:58  Drone  
  18  1:12  Spawning Pool  
  18  1:15  Drone  
  18  1:18  Extractor  
  17  1:27  Drone  
  18  1:34  Drone  
  19  1:45  Overlord  
  19  1:51  Drone  
  20  1:58  Queen  
  22  2:04  Queen  
  22  2:05  Zergling x4  
  26  2:12  Drone  
  27  2:21  Drone  
  26  2:37  Metabolic Boost  
  26  2:40  Drone x4  
  30  2:49  Overlord  
  30  2:53  Zergling x2  
  30  2:57  Roach Warren  
  29  3:00  Queen  
  31  3:06  Zergling x6  
  34  3:24  Overlord  
  28  3:57  Drone x2  
  28  3:58  Drone x8  
  38  4:10  Hatchery  
  35  4:29  Roach x5  
  43  4:36  Lair  
  43  4:37  Extractor  
  42  4:41  Drone x2  
  42  4:44  Drone  
  45  5:12  Drone x7, Overlord x3  
  52  5:32  Ravager  
  52  5:34  Glial Reconstitution  
  53  5:40  Extractor  
  53  5:42  Drone x8  
  60  5:44  Drone x4  
  64  6:02  Evolution Chamber  
  64  6:03  Drone  
  64  6:04  Drone x3, Evolution Chamber  
  66  6:17  Drone  
  66  6:18  Drone x3  
  70  6:19  Overlord  
  70  6:20  Overlord  
  70  6:28  Zerg Missile Weapons Level 1  
  70  6:30  Overlord, Zerg Ground Armor Level 1  
  70  6:33  Drone  
  70  6:34  Drone, Extractor  
  70  6:35  Drone x2  
  70  6:37  Drone x4  
  70  6:39  Roach  
  79  6:50  Zergling x4  
  79  6:52  Overlord  
  81  7:05  Drone x4, Extractor x2  
  83  7:10  Spire  
  82  7:19  Hatchery  
  82  7:20  Drone x2  
  83  7:23  Infestation Pit, Roach x6  
  83  7:25  Overlord x3  
  83  7:26  Roach x2  
  97  7:36  Drone x3  
  100  7:41  Queen  
  100  7:42  Queen  
  104  7:51  Roach  
  104  7:52  Roach x6  
  104  7:53  Ravager x5  
  123  7:58  Overlord  
  123  8:01  Hive  
  123  8:10  Drone  
  123  8:11  Drone x6  
  130  8:12  Overlord  
  130  8:13  Overlord  
  130  8:26  Spine Crawler  
  129  8:36  Roach  
  129  8:37  Roach x7  
  145  8:51  Queen  
  147  9:07  Zergling x2  
  147  9:09  Zerg Missile Weapons Level 2  
  148  9:10  Zerg Ground Armor Level 2  
  148  9:16  Drone x2  
  151  9:17  Queen x2, Drone x2  
  158  9:24  Roach x2  
  158  9:25  Overlord x3  
  158  9:26  Overlord x3  
  160  9:38  Extractor  
  160  9:40  Extractor  
  160  9:42  Hatchery  
  156  9:49  Hydralisk Den  
  155  10:14  Ravager x2  
  150  10:15  Ravager  
  150  10:18  Lurker Den  
  152  10:21  Greater Spire  
  152  10:23  Drone x3  
  152  10:24  Drone x3  
  158  10:34  Zergling x2  
  158  10:35  Zergling x2  
  160  10:37  Hydralisk  
  160  10:38  Hydralisk x3  
  160  10:39  Hydralisk x2  
  160  10:41  Viper x3  
  181  10:43  Zergling x2  
  181  10:44  Zergling x32  
  198  10:52  Drone x2  
  155  11:25  Corruptor  
  155  11:26  Corruptor x5  
  155  11:29  Zergling x14, Roach x4  
  155  11:30  Zergling x2  
  155  11:31  Corruptor x6  
  195  11:34  Zerg Flyer Weapons Level 1  
  195  11:38  Drone x4  
  199  11:40  Extractor  
  199  11:41  Extractor  
  195  11:50  Lurker x4  
  192  12:21  Brood Lord x4  
  185  13:02  Roach, Hydralisk  
  185  13:03  Zergling x2, Roach x7, Hydralisk x6  
  185  13:04  Zergling x20  
  187  13:18  Drone x3  
  187  13:19  Drone x3  
  193  13:36  Zergling x2  
  194  13:45  Zergling x2, Roach x2  
  175  14:07  Lurker  
  175  14:08  Lurker x3  
  175  14:11  Roach, Hydralisk x5  
  175  14:12  Roach x5, Hydralisk x2  
  197  14:17  Roach  
  199  14:42  Hatchery  
  179  15:05  Zergling x2, Roach x4  
  179  15:06  Zergling x26, Roach x3  
Show
View Real Time Build Order
Export as new Build Order

Tonio Terran 

Build Orders: MMM Bio 

Get SALT Encoding   

  12  0:00  SCV  
  13  0:12  SCV  
  14  0:17  Supply Depot  
  14  0:25  SCV  
  15  0:39  SCV  
  16  0:44  Barracks  
  16  0:47  Refinery  
  16  0:51  SCV  
  17  1:02  Barracks  
  17  1:04  SCV  
  18  1:17  SCV  
  19  1:31  Orbital Command  
  19  1:33  Reaper  
  19  1:39  Refinery  
  20  1:49  Reaper  
  20  1:51  Supply Depot  
  21  1:57  SCV  
  22  2:06  Reaper  
  23  2:13  SCV  
  24  2:25  SCV  
  25  2:35  Reaper  
  26  2:38  SCV  
  26  2:41  Reaper  
  26  2:43  Command Center  
  28  2:44  Supply Depot  
  28  2:49  Factory  
  27  3:07  Reaper  
  28  3:13  Reaper, SCV  
  30  3:25  Command Center  
  28  3:53  Reaper x2  
  30  3:57  Factory Reactor  
  30  3:59  Orbital Command  
  30  4:00  SCV  
  31  4:04  Engineering Bay  
  31  4:07  Engineering Bay, Supply Depot  
  31  4:15  SCV  
  32  4:33  Orbital Command  
  32  4:38  Orbital Command, Hellion x2  
  36  4:42  Barracks Tech Lab, SCV  
  37  4:54  SCV  
  37  4:55  Armory  
  37  4:58  Starport  
  37  5:17  SCV x3  
  40  5:27  Factory Tech Lab  
  40  5:29  SCV x2  
  40  5:32  SCV  
  40  5:35  Refinery  
  43  5:39  Refinery  
  43  5:40  Barracks Tech Lab  
  43  5:41  SCV x2  
  45  5:43  Liberator  
  45  5:45  SCV  
  46  5:53  SCV x2  
  46  5:57  SCV  
  49  6:00  Barracks  
  49  6:03  Marauder  
  49  6:04  Marauder  
  56  6:06  Siege Tank  
  56  6:11  Stimpack  
  59  6:12  Concussive Shells  
  59  6:24  Terran Infantry Weapons Level 1, Terran Infantry Armor Level 1  
  59  6:25  Barracks  
  59  6:30  SCV x3  
  62  6:35  Supply Depot  
  62  6:38  Supply Depot  
  62  6:40  Siege Tank  
  62  6:45  SCV x3  
  68  6:47  Medivac  
  68  6:48  Medivac  
  68  6:52  Supply Depot  
  72  6:57  SCV x2  
  72  6:59  Supply Depot  
  72  7:00  Orbital Command  
  74  7:09  SCV x2  
  74  7:11  Barracks Reactor  
  74  7:12  Barracks Reactor  
  74  7:14  Siege Tank  
  74  7:15  Supply Depot  
  79  7:17  Refinery  
  79  7:19  Refinery  
  79  7:21  SCV  
  80  7:26  Medivac, Marine x2  
  80  7:29  Combat Shields  
  84  7:32  SCV x2  
  84  7:33  SCV  
  87  7:40  Supply Depot  
  87  7:41  Supply Depot  
  87  7:44  SCV  
  87  7:49  Supply Depot  
  88  7:52  Supply Depot  
  88  7:53  Marine x2  
  88  7:54  Marauder x2, Marine x2  
  96  8:02  Supply Depot  
  96  8:03  Supply Depot  
  69  8:05  Medivac x2  
  96  8:06  Siege Tank  
  96  8:11  Marine x3  
  96  8:12  Supply Depot, Marine  
  107  8:15  Supply Depot, Marine x2  
  108  8:39  Marine x2  
  108  8:40  Marine x4  
  108  8:41  Terran Infantry Armor Level 2, Terran Infantry Weapons Level 2  
  114  8:43  Siege Tank  
  117  8:57  Marine x2  
  117  9:02  Marauder x2, Marine x2  
  125  9:15  Marine x2  
  127  9:19  Marine x2  
  127  9:23  Marauder x2  
  133  9:24  Liberator x2, Barracks  
  133  9:26  Barracks  
  133  9:28  Barracks  
  133  9:33  Marine x2  
  133  9:36  Terran Vehicle Weapons Level 1  
  133  9:37  Marine x2  
  137  9:44  Marauder, Marine  
  146  9:51  Marine x2  
  148  9:55  Orbital Command, Marine x2  
  148  10:02  Marauder  
  148  10:15  Liberator x2, Marauder  
  148  10:16  Barracks Tech Lab, Barracks Reactor  
  148  10:17  Barracks Tech Lab  
  150  10:24  Marauder  
  152  10:29  Marine  
  152  10:30  Marine x3  
  152  10:33  Siege Tank  
  165  10:37  Marauder  
  165  10:39  Supply Depot  
  167  10:45  Marine  
  167  10:48  Marine x5  
  167  10:49  Marine  
  174  10:58  Marauder  
  174  11:01  Supply Depot  
  174  11:03  Marauder  
  178  11:06  Marine x4  
  178  11:07  Marauder x2  
  180  11:19  Marine  
  180  11:23  Marine  
  180  11:24  Supply Depot, Marine x4  
  174  11:31  Marauder  
  174  11:32  Marine x2, Marauder  
  180  11:37  Marauder  
  182  11:41  Marine x2  
  182  11:42  Marauder, Marine x2  
  187  11:47  Supply Depot  
  187  11:50  Marine x2  
  187  11:52  Marine  
  187  11:53  Marauder  
  192  11:59  Marauder  
  194  12:04  Marauder  
  193  12:17  Marine x3, Marauder x2  
  147  13:00  Marine x6  
  147  13:01  Marine x4  
  147  13:03  Medivac x2  
  121  13:17  Marine  
  121  13:18  Marine x9  
  127  13:32  Cyclone  
  127  13:33  Medivac x2  
  135  13:35  Marine x2  
  135  13:36  Marine x8  
  135  13:38  Command Center  
  145  13:53  Marine x3  
  145  13:54  Marine x7  
  115  14:03  Medivac  
  96  14:11  Marine x3  
  96  14:12  Marine x6  
  104  14:18  Marauder  
  105  14:25  Missile Turret  
  105  14:29  Command Center, Missile Turret, Marine x5  
  105  14:30  Marine x4  
  106  14:47  Marine  
  106  14:48  Marauder x3  
  106  14:52  Marine x4  
  96  14:53  Marine x2  
  96  14:56  Medivac  
  96  14:57  Medivac  
  94  15:04  Marine  
  77  15:09  Marauder, Marine x2  
  77  15:10  Marine x4  
  77  15:11  Marauder, Marine  
  79  15:20  Starport  
  70  15:22  Marine  
  70  15:23  Starport  
  70  15:25  Starport  
  70  15:27  Marine, Marauder  
Tags
 
Add a new tag
Caveats
  • Supply blocks, unpowered buildings, or Contaminate may cause inaccurate times.
  • Supply counts are checked every 10 seconds.